 Dungeon Crawl Stone Soup version 0.30-a0-793-g160f7cfddd (webtiles) character file.

Game seed: 3285967834715304395

306 Farfigtubin the Covert (level 6, 0/38 HPs)
             Began as a Kobold Brigand on Feb 20, 2023.
             Was an Initiate of Dithmenos.
             Succumbed to an adder's poison
             ... on level 2 of the Dungeon.
             The game lasted 00:13:13 (1612 turns).

Farfigtubin the Covert (Kobold Brigand)             Turns: 1612, Time: 00:13:14

Health: 0/38       AC:  3    Str:  9    XL:     6   Next: 67%
Magic:  6/6        EV: 14    Int: 12    God:    Dithmenos [......]
Gold:   91         SH:  0    Dex: 18    Spells: 5/5 levels left

rFire   . . .      SeeInvis .    a - +2 dagger
rCold   . . .      Faith    .    (no shield)
rNeg    . . .      Spirit   .    b - +0 robe
rPois   .          Reflect  .    (no helmet)
rElec   .          Harm     .    c - +0 cloak
rCorr   .          Rampage  .    (no gloves)
Will    .....                    (no boots)
Stlth   +++++                    (no amulet)
HPRegen 0.26/turn                (no ring)
MPRegen 0.10/turn                (no ring)

@: lethally poisoned (0 -> -7)
A: small, no large weapons, nightstalker 3
a: Renounce Religion


You were on level 2 of the Dungeon.
You worshipped Dithmenos.
Dithmenos was noncommittal.
You visited 1 branch of the dungeon, and saw 5 of its levels.

You collected 91 gold pieces.

Inventory:

Hand Weapons
 a - a +2 dagger (weapon)
Missiles
 d - 15 poisoned darts (quivered)
 e - 3 curare-tipped darts
 j - 22 stones
Armour
 b - a +0 robe (worn)
 c - a +0 cloak (worn)
Jewellery
 i - a ring of flight
 o - a ring of magical power
 s - a ring of protection from fire
Scrolls
 f - a scroll of identify {unknown}
 m - a scroll of amnesia {unknown}
 p - a scroll of vulnerability {unknown}
 t - a scroll of torment {unknown}
 w - 2 scrolls of teleportation {unknown}
Potions
 g - a potion of brilliance {unknown}
 h - a potion of might {unknown}
 k - 3 potions of lignification {unknown}
 l - a potion of berserk rage {unknown}
 n - 2 potions of magic {unknown}
 q - 2 potions of degeneration {unknown}
 r - a potion of flight {unknown}
 u - 2 potions of attraction {unknown}
 v - a potion of curing {unknown}


   Skills:
 + Level 4.0 Fighting
 * Level 5.0 Short Blades
 - Level 2.1 Throwing
 - Level 1.2 Dodging
 + Level 8.2 Stealth


You had 5 spell levels left.
You didn't know any spells.
Your spell library was empty.

Dungeon Overview and Level Annotations

Branches:
Dungeon (5/15)
 Temple: D:4-7

Altars:
Ashenzari
Dithmenos

Annotations:
D:2 Sigmund


Innate Abilities, Weirdness & Mutations

You are small and have problems with some larger weapons.
You are completely attuned to the shadows.


Message History

The adder attacks as you move away! The adder misses you.
The adder attacks as you move away! The adder bites you.
The adder attacks as you move away! The adder bites you.
You are poisoned.
The adder poisons you!
You feel sick. The adder misses you.
You feel sick. The adder attacks as you move away!
The adder closely misses you.
You feel sick.
You feel sick. The adder bites you but does no damage.
You feel sick.
You feel sick. The adder attacks as you move away!
The adder bites you but does no damage.
You feel sick.
You are no longer poisoned.
The adder bites you.
You are poisoned.
The adder poisons you! The adder attacks as you move away! The adder bites you.
You feel sick. The adder attacks as you move away! The adder bites you.
You feel sick.
The helpless worm fails to defend itself.
You perforate the worm like a sieve!!!
You kill the worm!
Dithmenos accepts your kill.
You feel sick. The adder misses you.
Your Short Blades skill increases to level 5!
You feel sick. The adder bites you.
* * * LOW HITPOINT WARNING * * *
You are more poisoned.
The adder poisons you! The adder attacks as you move away!
The adder closely misses you.
* * * LOW HITPOINT WARNING * * *
You feel sick. The adder bites you.
* * * LOW HITPOINT WARNING * * *
You are more poisoned.
The adder poisons you! The adder attacks as you move away! The adder bites you.
* * * LOW HITPOINT WARNING * * *
x2 You feel very sick.
The goblin throws a stone.
The stone hits you but does no damage.
You die...

...........# #.# #.#
#.#.# ...........# #.#
#.# #.#.# ...........#
#.# #.# #.#.#
...........# #.#
#.###.#.# ......g....#
#.# #.....#.#
........g..#
#.#########.#..
...######.##
#...........### ...
#.##################.# ..
###.#[.S.@.... ...#.#
#....{.....##########.#.#
.
#.##.#g###.........##...#
##### # #..#.#
#.........####.# ....#
##.#g# #..............#
.#.##
#..#.###.........#.####
...# #......#...........#
...# #.#....#.####.###..#
...# #g#....#.# #.##...#


You could see an adder and a goblin.

Vanquished Creatures
  3 scorpions (D:5)
  A howler monkey (D:5)
  Natasha (D:2)
  Terence (D:2)
  A worm (D:2)
  3 ball pythons
  8 endoplasms
  2 giant cockroaches (D:1)
  2 goblins
  6 hobgoblins
  A quokka (D:1)
  2 bats
  6 kobolds
  4 rats
41 creatures vanquished.

Notes
Turn   | Place    | Note
-------+----------+-------------------------------------------
     0 | D:1      | Farfigtubin the Kobold Brigand began the quest for the Orb.
     0 | D:1      | Reached XP level 1. HP: 12/12 MP: 1/1
    82 | D:1      | Reached XP level 2. HP: 18/18 MP: 2/2
   376 | D:2      | Noticed Natasha
   379 | D:2      | Killed Natasha
   380 | D:2      | Reached skill level 6 in Stealth
   380 | D:2      | Reached XP level 3. HP: 22/22 MP: 3/3
   605 | D:2      | Reached XP level 4. HP: 27/27 MP: 4/4
   697 | D:2      | Found a broken altar of Ashenzari.
   793 | D:5      | Entered Level 5 of the Dungeon
   831 | D:5      | Noticed a scorpion
   834 | D:5      | Noticed a scorpion
   836 | D:5      | Killed a scorpion
   837 | D:5      | Reached skill level 7 in Stealth
   837 | D:5      | Reached XP level 5. HP: 32/32 MP: 5/5
   865 | D:5      | Found a shadowy altar of Dithmenos.
   871 | D:5      | Became a worshipper of Dithmenos the Shadowed
   902 | D:5      | Reached XP level 6. HP: 38/38 MP: 6/6
   919 | D:5      | Reached skill level 8 in Stealth
   999 | D:2      | Noticed Terence
  1017 | D:2      | Killed Terence
  1440 | D:1      | Found a faded altar of an unknown god.
  1574 | D:2      | Noticed Sigmund
  1609 | D:2      | Reached skill level 5 in Short Blades
  1612 | D:2      | Succumbed to an adder's poison

Illustrated notes

Levels and vault maps discovered:
D:1:      onia_arrival_mini_spirals, layout_rooms, basic_ecumenical_altar
D:2:      layout_basic, basic_altar, chequers_serial_rivers_small_3,
          uniq_natasha, uniq_terence, uniq_sigmund
D:3:      minmay_octagon_keep, layout_loops_corners, xom_confusion_cloud,
          serial_undead, serial_undead_c, serial_undead_a, serial_undead_e,
          serial_undead_e, hangedman_abyss_or_decor_lesser_grid,
          guppyfry_early_lair_pool, uniq_grinder, uniq_ijyb
D:4:      layout_basic, lightli_temple_of_fire, serial_shops,
          nicolae_square_shop, nrook_campfire, hangedman_feature_mirror
D:5:      layout_loops_ring, grunt_dithmenos_smoke, serial_shops, shop,
          serial_glass, glass_columns_b, glass_columns_a, glass_columns_b,
          glass_columns_a, glass_columns_b, glass_columns_a

Skill      XL: |  1  2  3  4  5  6 |
---------------+-------------------+-----
Short Blades   | 3 4 5 |  5.0
Stealth        | 6 7 8 |  8.2
Fighting       | 3 4 |  4.0
Throwing       | |  2.1
Dodging        | |  1.2

Action                     |  1- 3 |  4- 6 || total
---------------------------+-------+-------++-------
  Melee: Dagger            |    33 |    36 ||    69
  Throw: Dart              |       |     1 ||     1
   Stab: Sleeping          |    17 |    18 ||    35
 Armour: Robe              |       |     7 ||     7
  Dodge: Dodged            |    10 |    23 ||    33

Table legend: (Time is in decaauts)
 A = Elapsed time spent in this place.
 B = Non-inter-level travel time spent in this place.
 C = Inter-level travel time spent in this place.
 D = Time resting spent in this place.
 E = Time spent auto-exploring this place.
 F = Levels seen in this place.
 G = Mean time per level.
                   A        B        C        D        E       F      G
               +--------+--------+--------+--------+--------+-----+--------+
         Total |   1604 |   1587 |     17 |     21 |    169 |   5 |  320.8 |
       Dungeon |   1604 |   1587 |     17 |     21 |    169 |   5 |  320.8 |
               +--------+--------+--------+--------+--------+-----+--------+

Top non-repeatable levels by time:
     D:2: 682 daAuts
     D:1: 659 daAuts
     D:5: 149 daAuts
     D:4: 77 daAuts
     D:3: 35 daAuts
